 Dungeon Crawl Stone Soup version 0.28.0-45-g0d030f2227 (webtiles) character file.

Game seed: 7615755954042131238

51 markt42 the Covered (level 3, 0/24 HPs)
             Began as a Gargoyle Fighter on May 4, 2022.
             Slain by an adder (2 damage)
             ... on level 2 of the Dungeon.
             The game lasted 00:01:02 (1811 turns).

markt42 the Covered (Gargoyle Fighter)              Turns: 1811, Time: 00:01:02

Health: 0/24       AC: 10    Str: 19    XL:     3   Next: 83%
Magic:  3/3        EV:  9    Int:  8    God:
Gold:   41         SH:  4    Dex: 11    Spells: 2/2 levels left

rFire   . . .      SeeInvis .   a - +0 flail
rCold   . . .      Faith    .   c - +0 buckler
rNeg    + . .      Spirit   .   b - +0 scale mail
rPois   ∞          Reflect  .   (no helmet)
rElec   +          Harm     .   (no cloak)
rCorr   .          Rampage  .   (no gloves)
Will    .....                   (no boots)
Stlth   ..........              (no amulet)
HPRegen 0.08/turn               (no ring)
MPRegen 0.08/turn               (no ring)

@: no status effects
A: sickness immunity, AC +3, negative energy resistance 1, electricity
resistance, torment resistance 1, petrification resistance
a: no special abilities


You were on level 2 of the Dungeon.
You visited 1 branch of the dungeon, and saw 2 of its levels.

You collected 41 gold pieces.

Inventory:

Hand Weapons
 a - a +0 flail (weapon)
Armour
 b - a +0 scale mail (worn)
 c - a +0 buckler (worn)
Scrolls
 e - a scroll of vulnerability {unknown}
 f - a scroll of identify {unknown}
 g - a scroll of brand weapon {unknown}
Potions
 d - a potion of might
 h - a potion of berserk rage {unknown}


   Skills:
 + Level 3.9 Fighting
 + Level 2.4 Maces & Flails
 + Level 3.9 Armour
 + Level 0.2 Dodging
 + Level 0.1 Stealth
 + Level 3.6 Shields


You had 2 spell levels left.
You didn't know any spells.
Your spell library was empty.

Dungeon Overview and Level Annotations

Branches:
Dungeon (2/15)

Altars:

Shops:
D:1 (


Innate Abilities, Weirdness & Mutations

You are immune to sickness and miasma.
Your stone body is resilient. (AC +3)
You are immune to poison.
You resist negative energy. (rN+)
You are resistant to electric shocks. (rElec)
You are resistant to unholy torment.
You are immune to petrification.


Message History

The adder bites you.
A kobold comes into view. It is wielding a +0 whip.
You closely miss the adder.
The kobold shouts!
The adder closely misses you.
The giant cockroach bites you but does no damage.
You miss the adder. The adder bites you but does no damage.
The giant cockroach bites you but does no damage.
The adder bites you but does no damage. The giant cockroach barely misses you.
You closely miss the adder. The adder closely misses you.
The giant cockroach barely misses you. The adder barely misses you.
You hit the giant cockroach.
The giant cockroach is severely wounded.
The giant cockroach bites you but does no damage.
The adder bites you. You block the giant cockroach's attack.
You closely miss the giant cockroach.
The giant cockroach is severely wounded.
The adder bites you.
The giant cockroach bites you but does no damage.
The kobold completely misses you. You block the adder's attack.
The giant cockroach closely misses you.
You barely miss the giant cockroach.
The giant cockroach is severely wounded.
The adder bites you. The kobold hits you with a +0 whip.
The giant cockroach closely misses you. The adder bites you.
The kobold barely misses you.
You hit the giant cockroach.
You kill the giant cockroach!
The adder bites you. The kobold closely misses you.
You block the adder's attack.
The kobold unwields a +0 whip.
The kobold wields a +0 hunting sling.
The kobold shoots a stone.
The stone hits you.
* * * LOW HITPOINT WARNING * * *
You see here a giant cockroach corpse.
You closely miss the adder. You block the adder's attack. The adder bites you.
* * * LOW HITPOINT WARNING * * *
You thump the adder!
The adder is severely wounded.
The adder bites you.
You die...

#.# #.# #.# #.#
#.# #.# #.# #.#
#.# #.# #.# #.# #
#.###.##.#.#
###.##K......#
#....@S.......
......#.##.####...
#######.##...
#.##.### #.##.#
.....# >....#
......


You could see an adder and a kobold.

Vanquished Creatures
  A hound skeleton (D:2)
  2 dart slugs (D:1)
  2 ball pythons
  2 endoplasms
  5 giant cockroaches
  A goblin (D:1)
  4 hobgoblins (D:1)
  2 jackals (D:1)
  4 kobolds (D:1)
  A quokka (D:1)
  A bat (D:2)
  2 frilled lizards (D:1)
  5 rats
32 creatures vanquished.

Notes
Turn   | Place    | Note
-------+----------+-------------------------------------------
     0 | D:1      | markt42 the Gargoyle Fighter began the quest for the Orb.
     0 | D:1      | Reached XP level 1. HP: 14/14 MP: 1/1
   171 | D:1      | Reached XP level 2. HP: 14/19 MP: 2/2
   940 | D:1      | Found Ciblil's Weapon Shoppe.
  1166 | D:1      | Reached XP level 3. HP: 24/24 MP: 3/3
  1220 | D:1      | Found a faded altar of an unknown god.
  1811 | D:2      | Slain by an adder

Illustrated notes

Levels and vault maps discovered:
D:1:      nzn_arrival_depleted_hourglass, layout_basic, serial_shops,
          nicolae_shop_bloodbath_and_beyond,
          hellmonk_ecumenical_altar_pennies_from_heaven
D:2:      layout_loops_ring, basic_altar, uniq_sigmund, uniq_robin

Action                   || total
-------------------------++-------
Melee: Flail             ||    99
Armor: Scale mail        ||    44
Dodge: Dodged            ||    58
Block: Buckler           ||    24
